 Dungeon Crawl Stone Soup version 0.27.1-1-g398f81649c (webtiles) character file.

Game seed: 13613435181366324656

620 TheGamechu the Vexing (level 7, -1/36 HPs)
             Began as a Kobold Enchanter on Sept 20, 2021.
             Was a Believer of Dithmenos.
             Slain by a two-headed ogre (15 damage)
             ... on level 5 of the Dungeon.
             The game lasted 00:21:50 (5375 turns).

TheGamechu the Vexing (Kobold Enchanter)            Turns: 5375, Time: 00:21:51

Health: -1/36      AC:  4    Str:  6    XL:     7   Next: 74%
Magic:  9/12       EV: 16    Int: 18    God:    Dithmenos [**....]
Gold:   206        SH:  0    Dex: 15    Spells: 6/13 levels left

rFire    . . .     SeeInvis .   a - +1 dagger
rCold    + . .     Faith    .   (shield restricted)
rNeg     . . .     Spirit   .   b - +0 robe
rPois    .         Reflect  .   c - +0 helmet
rElec    .         Harm     .   (no cloak)
rCorr    .         Rampage  .   (no gloves)
Will     .....                  q - +0 pair of boots
Stlth    +++++.....             e - amulet of regeneration
HPRegen  1.12/turn              k - ring of wizardry
MPRegen  0.13/turn              t - ring of protection from cold

@: wreathed by umbra
A: small, no large weapons, nightstalker 3
a: Renounce Religion, Shadow Step


You were on level 5 of the Dungeon.
You worshipped Dithmenos.
Dithmenos was pleased with you.
You visited 1 branch of the dungeon, and saw 5 of its levels.
You also visited: Sewer.

You collected 206 gold pieces.

Inventory:

Hand Weapons
 a - a +1 dagger (weapon)
 r - a +1 rapier of holy wrath
Missiles
 m - 12 poisoned darts
 u - a throwing net
Armour
 b - a +0 robe (worn)
 c - a +0 helmet (worn)
 h - a +0 leather armour
 p - a +2 scale mail of cold resistance
 q - a +0 pair of boots (worn)
Jewellery
 e - an amulet of regeneration (around neck)
 k - a ring of wizardry (left hand)
 t - a ring of protection from cold (right hand)
 C - a ring of positive energy
Wands
 D - a wand of polymorph (9)
Scrolls
 f - 3 scrolls of identify
 j - 7 scrolls of teleportation
 s - a scroll of magic mapping {unknown}
 w - a scroll of blinking
 x - 2 scrolls of enchant weapon {unknown}
 y - a scroll of brand weapon {unknown}
 A - a scroll of noise {unknown}
Potions
 d - a potion of haste {unknown}
 g - 8 potions of flight
 i - a potion of ambrosia {unknown}
 l - a potion of heal wounds
 n - a potion of resistance {unknown}
 o - 2 potions of curing
 v - 3 potions of attraction {unknown}
 z - a potion of invisibility {unknown}
 B - a potion of mutation {unknown}


   Skills:
 * Level 3.3 Short Blades
 + Level 4.7 Dodging
 + Level 4.7 Stealth
 + Level 3.7 Spellcasting
 * Level 5.7 Hexes
 + Level 2.3 Ice Magic


You had 6 spell levels left.
You knew the following spells:

 Your Spells              Type           Power      Damage    Failure   Level
a - Corona                Hex            25%        N/A       1%          1
b - Ensorcelled Hibernat  Hex/Ice        34%        N/A       1%          2
c - Summon Ice Beast      Ice/Summ       7%         N/A       34%         4

Your spell library contained the following spells:

 Spells                   Type           Power      Damage    Failure   Level
 Confusing Touch          Hex            23%        N/A       1%          3
 Tukima's Dance           Hex            23%        N/A       1%          3
 Shock                    Conj/Air       12%        1d3       6%          1
 Dazzling Flash           Conj/Hex       26%        N/A       6%          3
 Corpse Rot               Necr/Air       N/A        N/A       9%          2
 Gell's Gravitas          Tloc           1%         N/A       17%         3
 Lesser Beckoning         Tloc           1%         N/A       17%         3
 Swiftness                Air            3%         N/A       17%         3
 Teleport Other           Tloc           3%         N/A       17%         3
 Airstrike                Air            1%         N/A       50%         4
 Dispel Undead            Necr           3%         3d7       50%         4
 Summon Lightning Spire   Summ/Air       3%         N/A       50%         4
 Alistair's Intoxication  Tmut/Pois      2%         N/A       82%         5
 Borgnjor's Vile Clutch   Necr/Erth      1%         N/A       82%         5
 Death Channel            Necr           1%         N/A       100%        6
 Dispersal                Tloc           1%         N/A       100%        6
 Eringya's Noxious Bog    Tmut/Pois      1%         N/A       100%        6
 Summon Hydra             Summ           1%         N/A       100%        7


Dungeon Overview and Level Annotations

Branches:
Dungeon (5/15)              Sewer (visited)
 Temple: D:4-7

Altars:
Dithmenos
Uskayaw
Wu Jian


Innate Abilities, Weirdness & Mutations

You are small and have problems with some larger weapons.
You are completely attuned to the shadows.


Message History

You climb downwards.
Found 15 gold pieces.
There is a stone staircase leading up here.
You now have 206 gold pieces (gained 15).
Found a stone staircase leading up.
Found a stone staircase leading down.
Found a There-And-Back Book.
You pick up a There-And-Back Book and begin reading...
You add the spell Dispersal to your library.
Found a spear.
Found an escape hatch in the floor.
Found a runed brass wand.
D - a wand of polymorph (9)
A scorpion comes into view.
The helpless scorpion fails to defend itself.
You puncture the scorpion!
The scorpion is almost dead.
The scorpion misses you. The scorpion stings you.
You hit the scorpion.
You kill the scorpion!
Dithmenos accepts your kill.
A two-headed ogre comes into view. It is wielding two +0 giant clubs.
The helpless two-headed ogre fails to defend itself.
You puncture the two-headed ogre!
The two-headed ogre is moderately wounded.
The two-headed ogre closely misses you.
The two-headed ogre hits you with a +0 giant club!!
Ouch! That really hurt!
The two-headed ogre looks drowsy...
Your +1 rapier of holy wrath stops glowing.
a - a +1 dagger (weapon)
The helpless two-headed ogre fails to defend itself.
You impale the two-headed ogre!!
The two-headed ogre is severely wounded.
The two-headed ogre closely misses you. x2
The two-headed ogre is unaffected.
The two-headed ogre hits you with a +0 giant club!!
Ouch! That really hurt!
The two-headed ogre hits you with a +0 giant club!
You die...

### ### #.# #.# ..
#.# #.# #.#
#.######.# #.##
#........#
#.#####@.#######
#......O## #.##
#.#####.## #..###.#
##..#
#.##..####...####
###..#............#
#..........##....#
....###...#####..#.#
.### ##.## ##.##.#


You could see a two-headed ogre.

Vanquished Creatures
  An ogre (D:4)
  A scorpion (D:5)
  A water moccasin skeleton (D:4)
  2 hounds (D:4)
  An orc priest (D:4)
  A bullfrog skeleton (D:4)
  A centaur skeleton (D:3)
  Natasha (thrice) (D:4)
  An orc wizard (D:3)
  A gnoll (D:1)
  6 adders
  2 worms (D:3)
  6 orcs
  5 endoplasms
  5 giant cockroaches
  7 hobgoblins
  15 jackals
  8 kobolds
  6 quokkas
  9 ball pythons
  11 bats
  9 frilled lizards
  8 goblins
  7 rats
117 creatures vanquished.

Notes
Turn   | Place    | Note
-------+----------+-------------------------------------------
     0 | D:1      | TheGamechu the Kobold Enchanter began the quest for the
                  | Orb.
     0 | D:1      | Reached XP level 1. HP: 10/10 MP: 3/3
   206 | D:1      | Reached XP level 2. HP: 15/15 MP: 5/5
   272 | D:1      | Learned a level 2 spell: Ensorcelled Hibernation
   482 | D:1      | Reached XP level 3. HP: 17/19 MP: 1/6
   773 | D:1      | Found a faded altar of an unknown god.
  1778 | D:2      | Found a shadowy altar of Dithmenos.
  1798 | D:2      | Became a worshipper of Dithmenos the Shadowed
  1911 | D:2      | Reached XP level 4. HP: 24/24 MP: 2/7
  2540 | D:3      | Reached skill level 4 in Hexes
  2540 | D:3      | Reached XP level 5. HP: 28/28 MP: 8/8
  2972 | D:3      | Reached * piety under Dithmenos
  3007 | D:3      | Got the Reference Book on Supportive Feathers
  3013 | D:3      | Learned a level 4 spell: Summon Ice Beast
  3422 | D:3      | Reached XP level 6. HP: 32/32 MP: 3/10
  3967 | D:4      | Reached skill level 1 in Ice Magic
  4125 | D:4      | Noticed an ogre
  4130 | D:4      | Killed an ogre
  4131 | D:4      | Reached skill level 5 in Hexes
  4271 | D:4      | Reached XP level 7. HP: 36/36 MP: 10/12
  4307 | D:4      | Found a glowing drain.
  4311 | D:4      | Reached ** piety under Dithmenos
  4317 | Sewer    | Entered a sewer
  4634 | D:4      | Noticed Natasha
  4636 | D:4      | Killed Natasha
  4725 | D:4      | Found a hide-covered altar of Uskayaw.
  4779 | D:4      | Noticed Natasha
  4786 | D:4      | Killed Natasha
  5105 | D:4      | Found an ornate altar of the Wu Jian Council.
  5185 | D:4      | Noticed Natasha
  5189 | D:4      | Killed Natasha
  5247 | D:5      | Entered Level 5 of the Dungeon
  5351 | D:5      | Noticed a two-headed ogre
  5375 | D:5      | Slain by a two-headed ogre

Illustrated notes

Levels and vault maps discovered:
D:1:      lemuel_arrival_behind_the_door_large, layout_loops_corners,
          serial_glass, glass_columns_c, glass_columns_b, glass_columns_a,
          glass_columns_a, glass_columns_c, glass_columns_a, glass_columns_a,
          glass_columns_a, glass_columns_c, glass_columns_b, glass_columns_b,
          glass_columns_a, glass_columns_a, glass_columns_c,
          dilly_ecumenical_altar_fadedgnrine, amethyst_killhole
D:2:      minmay_alternating_diamond, layout_basic, basic_altar
D:3:      minmay_bubble_buster, layout_loops_corners
D:4:      layout_cave_pools, nicolae_wu_jian_immortal_techniques,
          eat_drink_and_be_merry_uskayaw, portal_sewer_entry_f,
          kennysheep_generic_room_2, uniq_natasha
D:5:      layout_layer_cave, grunt_temple_overflow_champion_of_chaos,
          nicolae_sif_muna_little_library

Skill      XL: |  1  2  3  4  5  6  7 |
---------------+----------------------+-----
Short Blades   | 2 3 |  3.3
Dodging        | 3 4 |  4.7
Hexes          | 4 5 |  5.7
Spellcasting   | 3 |  3.7
Ice Magic      | 1 2 |  2.3
Stealth        | |  4.7

Action                   |  1- 3 |  4- 6 |  7- 9 || total
-------------------------+-------+-------+-------++-------
Melee: Dagger            |   103 |    57 |     1 ||   161
       Short sword       |       |    80 |       ||    80
       Rapier            |       |     8 |    66 ||    74
 Cast: Ensorcelled Hiber |    14 |    21 |    15 ||    50
       Corona            |     3 |       |       ||     3
  Use: Scroll            |       |     7 |       ||     7
 Stab: Sleeping          |    22 |    31 |    20 ||    73
Armor: Robe              |    16 |    18 |     7 ||    41
Dodge: Dodged            |    97 |   116 |    47 ||   260
